 Dungeon Sprint DCSS version 0.21.0-25-ge575cb9ce8 (webtiles) character file.

456234 Repeat the End of an Era (level 21, -3/158 (163) HPs)
             Began as a Demonspawn Gladiator on Jan 25, 2018.
             Was the Champion of Qazlal.
             Killed by divine providence
             ... invoked by a greater mummy
              (11 damage)
             ... in the Dungeon (Sprint IX: "|||||||||||||||||||||||||||||").
             The game lasted 00:22:06 (9895 turns).

Repeat the End of an Era (Demonspawn Gladiator)     Turns: 9895, Time: 00:22:07

HP:   -3/158 (163)  AC: 38    Str: 23    XL:     21   Next: 29%
MP:   0/38          EV: 21    Int: 11    God:    Qazlal [******]
Gold: 44            SH: 54    Dex: 18    Spells: 34/37 levels left

rFire    + . .     SeeInvis +   U - +9 demon whip (pain)
rCold    + . .     Gourm    .   E - +10 large shield of Ignorance {rN+ Int-4}
rNeg     + + .     Faith    .   F - +0 gold dragon scales of Ickalakk {rPois rF+ rC+ Regen+}
rPois    +         Spirit   +   (helmet unavailable)
rElec    +         Reflect  +   q - +2 cloak of the Thief {+Fog Slay-2 SInv Stlth+}
rCorr    .         Harm     .   G - +1 pair of gloves
MR       +....     NoTele   +   X - +2 pair of boots
Stlth    ..........             s - amulet of Uxkout {Reflect Int+4 SH+3}
HPRegen  0.00/turn              Z - ring of Xom's Flight of Fancy {rElec rN+ Slay+3}
MPRegen  0.52/turn              c - ring of Spring {Str+5 Slay+3}

@: non-regenerating, diseased, repel missiles
A: horns 3, large bone plates 2, clumsy 1, deterioration 1, frail 2, powered by
pain 2, magic shield, magic regeneration, magic link
}: 7/15 runes: decaying, serpentine, barnacled, slimy, elven, silver, gossamer
a: Upheaval, Elemental Force, Disaster Area, Renounce Religion, Evoke Fog


You were in the Dungeon.
You worshipped Qazlal.
Qazlal was exalted by your worship.
You were hungry.

You visited 1 branch You collected 1972 gold pieces.
You spent 1928 gold pieces at shops.

Inventory:

Hand Weapons
 t - the +10 morningstar "Eos" {elec, Halo rElec}
   (You found it in the Dungeon)

   Occasionally, upon striking a foe, it will discharge some electrical energy
   and cause terrible harm.
   It insulates you from electricity.
 U - a +9 demon whip of pain (weapon)
 W - a +2 eveningstar of draining
Missiles
 d - 9 throwing nets (quivered)
Armour
 q - the +2 cloak of the Thief (worn) {+Fog Slay-2 SInv Stlth+}
   (You bought it in a shop in the Dungeon)

   It affects your accuracy and damage with ranged weapons and melee attacks
   (-2).
   It lets you see invisible.
   It makes you more stealthy.
 E - the +10 large shield of Ignorance (worn) {rN+ Int-4}
   (You found it in the Dungeon)

   It affects your intelligence (-4).
   It protects you from negative energy.
 F - the +0 gold dragon scales of Ickalakk (worn) {rPois rF+ rC+ Regen+}
   (You found it in the Dungeon)

   It protects you from fire.
   It protects you from cold.
   It protects you from poison.
   It increases your rate of regeneration.
 G - a +1 pair of gloves (worn)
 X - a +2 pair of boots (worn)
Jewellery
 c - the ring of Spring (right hand) {Str+5 Slay+3}
   (You bought it in a shop in the Dungeon)

   [ring of strength]

   It affects your strength (+5).
   It affects your accuracy and damage with ranged weapons and melee attacks
   (+3).
 o - the ring "Ewner" {rN+ MR- Str+3 Dex+7}
   (You found it in the Dungeon)

   [ring of strength]

   It affects your strength (+3).
   It affects your dexterity (+7).
   It protects you from negative energy.
   It affects your resistance to hostile enchantments.
 r - the ring of Ipeesis {Wiz rElec rPois Int+4}
   (You found it in the Dungeon)

   [ring of wizardry]

   It improves your spell success rate.
   It affects your intelligence (+4).
   It insulates you from electricity.
   It protects you from poison.
 s - the amulet of Uxkout (around neck) {Reflect Int+4 SH+3}
   (You found it in the Dungeon)

   [amulet of reflection]

   It shields you and reflects attacks.
   It affects your intelligence (+4).
   It affects your SH (+3).
 C - an uncursed amulet of regeneration
 Z - the ring of Xom's Flight of Fancy (left hand) {rElec rN+ Slay+3}
   (You found it in the Dungeon)

   [ring of slaying]

   It affects your accuracy and damage with ranged weapons and melee attacks
   (+3).
   It insulates you from electricity.
   It protects you from negative energy.
Wands
 p - a wand of disintegration (12)
Scrolls
 k - 3 scrolls of blinking
 l - 5 scrolls of remove curse
 m - 2 scrolls of amnesia
 u - 6 scrolls of identify
 v - 2 scrolls of enchant weapon
 w - 2 scrolls of fear
 x - a scroll of immolation
 I - 5 scrolls of fog
 J - 8 scrolls of enchant armour
Potions
 a - 4 potions of might
 b - 2 potions of experience
 e - 7 potions of curing
 f - 6 potions of heal wounds
 g - a potion of invisibility
 h - 10 potions of haste
 i - 4 potions of magic
 j - a potion of agility
 H - a potion of brilliance
 P - a potion of resistance
Books
 R - a book of Enchantments

   Spells                             Type                      Level
   a - Cause Fear                     Hexes                        4
   b - Yara's Violent Unravelling     Hexes/Transmutation          5
   c - Silence                        Hexes/Air                    5
   d - Deflect Missiles               Charms/Air                   6
   e - Discord                        Hexes                        8
 V - a book of Battle

   Spells                             Type                      Level
   a - Infusion                       Charms                       1
   b - Shroud of Golubria             Charms/Translocation         2
   c - Song of Slaying                Charms                       2
   d - Spectral Weapon                Hexes/Charms                 3
   e - Regeneration                   Charms/Necromancy            3
Miscellaneous
 z - a lamp of fire
Comestibles
 n - 6 rations


   Skills:
 O Level 27 Fighting
 O Level 27 Maces & Flails
   Level 20.3(25.8) Staves
 - Level 1.7 Throwing
 O Level 27 Armour
 O Level 27 Dodging
 O Level 27 Shields
 + Level 9.0 Unarmed Combat
 + Level 8.8 Spellcasting
 + Level 8.9 Charms
 O Level 27 Necromancy
 O Level 27 Invocations


You had 34 spell levels left.
You knew the following spells:

 Your Spells              Type           Power        Failure   Level  Hunger
a - Regeneration          Chrm/Necr      #####.....   1%          3    ##.....


Dungeon Overview and Level Annotations

Branches:
Dungeon (1/1)

Altars:
Cheibriados
Dithmenos
Elyvilon
Fedhas
Gozag
Hepliaklqana
Kikubaaqudgha
Makhleb
Nemelex Xobeh
Okawaru
Qazlal
Ru
Sif Muna
Trog
Uskayaw
Vehumet
Wu Jian
Xom
Yredelemnul
Zin
The Shining One
Beogh
Jiyva
Lugonu

Shops:
D **?=

Annotations:
D Sonja


Innate Abilities, Weirdness & Mutations

You have a pair of large horns on your head.
You are mostly covered in large bone plates. (SH +6)
You sometimes gain power by taking damage.
When hurt, damage is shared between your health and your magic reserves.
You regenerate magic rapidly.
When low on magic, you restore magic in place of health.
You are clumsy. (Dex -2)
Your body sometimes deteriorates upon taking damage.
You are very frail. (-20% HP)


Message History

You thrash the greater mummy!!
You destroy the greater mummy!
Qazlal accepts your kill.
You feel extremely nervous for a moment...
Something reaches out for you...
The emperor scorpion disappears in a puff of smoke!
Your Unarmed Combat skill gained 2 levels and is now at level 9!
Your Spellcasting skill increases to level 8!
Your Charms skill increases to level 8!
The greater mummy casts a spell.
You hit the emperor scorpion but do no damage.
The emperor scorpion writhes in agony.
You headbutt the emperor scorpion, but do no damage.
The emperor scorpion is almost dead.
The greater mummy calls on the powers of darkness!
The emperor scorpion convulses! x3; Your body is wracked with pain!
* * * LOW HITPOINT WARNING * * *
The greater mummy gestures at you while chanting.
Something smites you!
You die...

▓▓▓▓▓▓▓▓▓▓▓▓▓▓▓▓▓▓▓▓▓▓▓▓
......'..≈≈.≈≈3§@s.MMssM
▓▓▓▓▓▓▓▓▓▓▓▓▓▓▓▓▓▓▓▓▓▓▓▓▓▓▓▓▓▓▓▓▓
.................................
♣♣♣♣▓▓▓▓▓▓▓▓▓▓▓▓▓▓▓▓▓▓▓▓▓▓▓▓▓▓▓▓▓
...)').)(.(.[).))..'.............
♣♣♣♣▓▓▓▓▓▓▓▓▓▓▓▓▓▓▓▓▓▓▓▓▓▓▓▓▓▓▓▓▓
.................................
▓▓▓▓▓▓▓▓▓▓▓▓▓▓▓▓▓▓▓▓▓▓▓▓▓▓▓▓▓▓▓▓▓
.†).......'.'.†[.†.†.......'...†.


You could see 3 greater mummies, 3 emperor scorpions and a soul eater.

Vanquished Creatures
  the Royal Jelly (D)
  Mennas (D)
  3 orbs of fire (D)
  Mara (D)
  6 ancient liches (D)
  A greater mummy (D)
  Sojobo (D)
  Frederick (D)
  2 Killer Klowns (D)
  A caustic shrike (D)
  Xtahua (D)
  4 golden dragons (D)
  Jory (D)
  4 electric golems (D)
  4 liches (D)
  28 Orb Guardians (D)
  Rupert (D)
  A tentacled monstrosity (D)
  A titan (D)
  3 deep elf blademasters (D)
  A quicksilver dragon (D)
  A death cob (D)
  2 deep elf master archers (D)
  10 acid blobs (D)
  12 sphinxes (D)
  3 tengu reavers (D)
  Kirke (D)
  A thorn hunter (D)
  3 storm dragons (D)
  A draconian monk (D)
  Ilsuiw (D)
  7 shadow dragons (D)
  3 fire giants (D)
  5 azure jellies (D)
  6 nagarajas (D)
  A deep elf sorcerer (D)
  2 vault wardens (D)
  Aizul (D)
  Louise (D)
  3 draconian scorchers (D)
  3 emperor scorpions (D)
  2 draconian stormcallers (D)
  A draconian shifter (D)
  2 draconian annihilators (D)
  4 stone giants (D)
  8 vampire knights (D)
  A green draconian (D)
  3 deep elf demonologists (D)
  An entropy weaver (D)
  3 black draconians (D)
  2 deep elf annihilators (D)
  A purple draconian (D)
  4 white draconians (D)
  7 red draconians (D)
  2 yellow draconians (D)
  3 ettins (D)
  4 merfolk javelineers (D)
  2 deep elf death magi (D)
  Josephine (D)
  A fire dragon (D)
  A merfolk impaler (D)
  A deep elf high priest (D)
  6 mummy priests (D)
  A death ooze (D)
  2 great orbs of eyes (D)
  A rakshasa (D)
  2 yaktaur captains (D)
  8 hydras (D)
  3 merfolk avatars (D)
  A spriggan air mage (D)
  4 ice dragons (D)
  Harold (D)
  25 vault guards (D)
  A two-headed ogre (D)
  3 naga warriors (D)
  4 centaur warriors (D)
  3 merfolk aquamancers (D)
  A death knight (D)
  2 deep troll earth magi (D)
  4 ogre magi (D)
  A tengu warrior (D)
  2 deep troll shamans (D)
  A vampire mage (D)
  2 spriggan berserkers (D)
  A naga sharpshooter (D)
  A hell knight (D)
  A shock serpent (D)
  A shadow wraith (D)
  2 deep elf knights (D)
  6 swamp dragons (D)
  A spriggan druid (D)
  3 wizards (D)
  A flayed ghost (D)
  2 naga ritualists (D)
  An ironbrand convoker (D)
  6 orc knights (D)
  5 wolf spiders (D)
  5 ugly things (D)
  A mana viper (D)
  A deep elf mage (D)
  3 orc sorcerers (D)
  14 moths of wrath (D)
  A manticore (D)
  3 vault sentinels (D)
  A black mamba (D)
  An elephant (D)
  3 naga magi (D)
  A gargoyle (D)
  A spiny frog (shapeshifter) (D)
  Psyche (D)
  A torpor snail (D)
  5 spiny frogs (D)
  4 yaktaurs (D)
  A komodo dragon (D)
  2 demonic crawlers (D)
  6 merfolk (D)
  18 guardian mummies (D)
  A meliai (D)
  A troll (D)
  A hornet (D)
  2 wind drakes (D)
  3 slime creatures (D)
  A blink frog (D)
  A bog body (D)
  2 snapping turtles (D)
  5 redbacks (D)
  11 spriggans (D)
  A wyvern (D)
  2 yaks (D)
  4 wraiths (D)
  A hog (D)
  2 golden eyes (D)
  3 tarantellas (D)
  3 wargs (D)
  4 nagas (D)
  An insubstantial wisp (D)
  2 acid dragons (D)
  4 hell hounds (D)
  3 porcupines (D)
  4 floating eyes (D)
  3 water moccasins (D)
  11 orc warriors (D)
  A swamp drake (D)
  An eye of draining (D)
  A boggart (D)
  2 wolves (D)
  2 crocodiles (D)
  A big kobold (D)
  A bullfrog (D)
  A killer bee (D)
  A wight (D)
  A hound (D)
  6 orc priests (D)
  14 orc wizards (D)
  2 worker ants (D)
  An adder (D)
  2 adder zombies (D)
  7 orcs (D)
  3 hobgoblins (D)
  A jackal (D)
  A bat simulacrum (D)
  A frilled lizard (D)
  A rat (D)
497 creatures vanquished.

Vanquished Creatures (others)
  A golden eye (D)
1 creature vanquished.

Grand Total: 498 creatures vanquished

Notes
Turn   | Place    | Note
-------+----------+-------------------------------------------
     0 | D        | Repeat the Demonspawn Gladiator began the quest for the Orb.
     0 | D        | Reached XP level 1. HP: 16/16 MP: 1/1
   119 | D        | Noticed a hound
   119 | D        | Noticed an orc priest
   124 | D        | Killed a hound
   124 | D        | Gained mutation: You are partially covered in large bone plates. (SH +4) [demonic ancestry]
   124 | D        | Reached XP level 2. HP: 22/22 MP: 2/2
   124 | D        | Gained mutation: You sometimes gain a little power by taking damage. [demonic ancestry]
   124 | D        | Reached XP level 3. HP: 27/27 MP: 3/3
   148 | D        | Gained mutation: You are mostly covered in large bone plates. (SH +6) [demonic ancestry]
   148 | D        | Reached XP level 4. HP: 7/33 MP: 4/4
   375 | D        | Found a roughly hewn altar of Beogh.
   375 | D        | Found a snail-covered altar of Cheibriados.
   375 | D        | Found a shadowy altar of Dithmenos.
   375 | D        | Found a white marble altar of Elyvilon.
   375 | D        | Found a blossoming altar of Fedhas.
   375 | D        | Found an opulent altar of Gozag.
   376 | D        | Found a hazy altar of Hepliaklqana.
   377 | D        | Found a viscous altar of Jiyva.
   378 | D        | Found an ancient bone altar of Kikubaaqudgha.
   379 | D        | Found a corrupted altar of Lugonu.
   380 | D        | Found a burning altar of Makhleb.
   381 | D        | Found a sparkling altar of Nemelex Xobeh.
   382 | D        | Found an iron altar of Okawaru.
   383 | D        | Found a stormy altar of Qazlal.
   384 | D        | Found a sacrificial altar of Ru.
   385 | D        | Found a deep blue altar of Sif Muna.
   386 | D        | Found a bloodstained altar of Trog.
   387 | D        | Found a hide-covered altar of Uskayaw.
   388 | D        | Found a radiant altar of Vehumet.
   389 | D        | Found an ornate altar of the Wu Jian Council.
   390 | D        | Found a shimmering altar of Xom.
   391 | D        | Became a worshipper of Qazlal Stormbringer
   392 | D        | Found a basalt altar of Yredelemnul.
   393 | D        | Found a glowing silver altar of Zin.
   394 | D        | Found a glowing golden altar of the Shining One.
   441 | D        | Noticed a gargoyle
   441 | D        | Noticed an orc warrior
   441 | D        | Noticed a big kobold
   441 | D        | Noticed a two-headed ogre
   444 | D        | Killed an orc warrior
   444 | D        | Reached skill level 1 in Armour
   444 | D        | Reached XP level 5. HP: 7/39 MP: 4/7
   445 | D        | Killed a gargoyle
   445 | D        | Reached skill level 10 in Staves
   445 | D        | Gained mutation: When hurt, damage is shared between your health and your magic reserves. [demonic ancestry]
   445 | D        | Reached XP level 6. HP: 3/48 MP: 4/11
   445 | D        | Reached * piety under Qazlal
   445 | D        | Reached XP level 7. HP: 4/54 MP: 4/12
   450 | D        | Killed a two-headed ogre
   450 | D        | Reached skill level 5 in Fighting
   450 | D        | Gained mutation: You regenerate magic rapidly. [demonic ancestry]
   450 | D        | Reached XP level 8. HP: 32/62 MP: 3/14
   451 | D        | Reached ** piety under Qazlal
   605 | D        | Noticed a meliai
   605 | D        | Noticed a manticore
   605 | D        | Noticed a cyan ugly thing
   605 | D        | Noticed a centaur warrior
   607 | D        | Killed a meliai
   611 | D        | Killed a manticore
   611 | D        | Reached skill level 10 in Invocations
   630 | D        | Killed a cyan ugly thing
   630 | D        | Reached *** piety under Qazlal
   630 | D        | Reached skill level 5 in Armour
   630 | D        | Gained mutation: When low on magic, you restore magic in place of health. [demonic ancestry]
   630 | D        | Reached XP level 9. HP: 46/69 MP: 7/17
   637 | D        | Killed a centaur warrior
   937 | D        | Noticed Sonja
  1263 | D        | Found the +10 morningstar "Eos" {elec, Halo rElec}
  1289 | D        | Noticed a four-headed hydra
  1289 | D        | Noticed a spiny frog
  1296 | D        | Reached **** piety under Qazlal
  1301 | D        | Killed a four-headed hydra
  1301 | D        | Gained mutation: You have a pair of small horns on your head. [demonic ancestry]
  1301 | D        | Reached XP level 10. HP: 35/79 MP: 10/19
  1307 | D        | Killed a spiny frog
  1307 | D        | Reached ***** piety under Qazlal
  1340 | D        | Noticed a spiny frog
  1341 | D        | Reached skill level 15 in Staves
  1342 | D        | Killed a spiny frog
  1345 | D        | Noticed an elephant
  1359 | D        | Killed an elephant
  1718 | D        | Reached ****** piety under Qazlal
  1942 | D        | Reached skill level 10 in Armour
  1942 | D        | Gained mutation: You have a pair of horns on your head. [demonic ancestry]
  1942 | D        | Reached XP level 11. HP: 87/87 MP: 14/21
  2086 | D        | Found Ufoep's General Store.
  2086 | D        | Noticed an orc sorcerer
  2089 | D        | Noticed an orc sorcerer
  2090 | D        | Noticed a sun demon
  2090 | D        | Killed an orc sorcerer
  2092 | D        | Found Kyez's General Store.
  2092 | D        | Noticed an orc sorcerer
  2097 | D        | Paralysed by an orc sorcerer for 2 turns
  2099 | D        | Found Neliqo's Magic Scroll Emporium.
  2101 | D        | Reached skill level 10 in Dodging
  2101 | D        | Killed an orc sorcerer
  2101 | D        | Killed an orc sorcerer
  2101 | D        | Reached skill level 15 in Invocations
  2106 | D        | Found Ubauc's Jewellery Shoppe.
  2183 | D        | Bought the ring of Spring {Str+5 Slay+3} for 729 gold pieces
  2191 | D        | Bought the +2 cloak of the Thief {+Fog Slay-2 SInv Stlth+} for 281 gold pieces
  2191 | D        | Found the +2 cloak of the Thief {+Fog Slay-2 SInv Stlth+}
  2191 | D        | Bought a potion of heal wounds for 70 gold pieces
  2191 | D        | Bought a potion of curing for 42 gold pieces
  2193 | D        | Bought a scroll of enchant weapon for 82 gold pieces
  2193 | D        | Bought a scroll of enchant weapon for 82 gold pieces
  2193 | D        | Bought a scroll of enchant weapon for 82 gold pieces
  2224 | D        | Noticed Josephine
  2230 | D        | Killed Josephine
  2486 | D        | Found the +10 large shield of Ignorance {rN+ Int-4}
  2544 | D        | Noticed a green ugly thing
  2546 | D        | Noticed a purple ugly thing
  2547 | D        | Noticed a centaur warrior
  2548 | D        | Noticed a great orb of eyes
  2549 | D        | Killed a red ugly thing
  2549 | D        | Reached skill level 10 in Fighting
  2549 | D        | Killed a centaur warrior
  2549 | D        | Killed a green ugly thing
  2553 | D        | Noticed a rakshasa
  2556 | D        | Noticed a deep troll earth mage
  2559 | D        | Noticed a wizard
  2559 | D        | Noticed a fire giant
  2561 | D        | Noticed a deep troll shaman
  2562 | D        | Killed a great orb of eyes
  2564 | D        | Noticed a stone giant
  2565 | D        | Killed a deep troll shaman
  2565 | D        | Killed a wizard
  2565 | D        | Killed a stone giant
  2565 | D        | Reached XP level 12. HP: 76/99 MP: 22/25
  2565 | D        | Killed a rakshasa
  2569 | D        | Killed a deep troll earth mage
  2572 | D        | Killed a fire giant
  2992 | D        | Noticed Psyche
  2996 | D        | Killed Psyche
  3048 | D        | Noticed an entropy weaver
  3050 | D        | Killed an entropy weaver
  3072 | D        | Noticed a naga warrior
  3080 | D        | Killed a naga warrior
  3407 | D        | Noticed a merfolk avatar
  3419 | D        | Reached XP level 13. HP: 93/108 MP: 25/28
  3433 | D        | Noticed a thorn hunter
  3437 | D        | Killed a thorn hunter
  3477 | D        | Noticed Rupert
  3493 | D        | Killed Rupert
  3516 | D        | Noticed Aizul
  3530 | D        | Killed Aizul
  3657 | D        | Noticed Harold
  3666 | D        | Killed Harold
  3709 | D        | Noticed Kirke
  3718 | D        | Killed Kirke
  3766 | D        | Noticed a vampire knight
  3766 | D        | Noticed a stone giant
  3768 | D        | Reached skill level 27 in Invocations
  3768 | D        | Killed a stone giant
  3768 | D        | Reached skill level 15 in Armour
  3770 | D        | Noticed an ettin
  3771 | D        | Killed a vampire knight
  3772 | D        | Killed an ettin
  3785 | D        | Reached skill level 15 in Fighting
  3785 | D        | Gained mutation: You sometimes gain power by taking damage. [demonic ancestry]
  3785 | D        | Reached XP level 14. HP: 123/123 MP: 24/31
  3801 | D        | Noticed a stone giant
  3810 | D        | Killed a stone giant
  3940 | D        | Reached skill level 1 in Shields
  3947 | D        | Noticed a vault warden
  3951 | D        | Reached skill level 5 in Shields
  3951 | D        | Killed a vault warden
  3983 | D        | Noticed a fire giant
  3993 | D        | Noticed a stone giant
  3993 | D        | Killed a fire giant
  4001 | D        | Noticed a tengu reaver
  4006 | D        | Killed a stone giant
  4018 | D        | Killed a tengu reaver
  4103 | D        | Noticed Xtahua
  4104 | D        | Paralysed by Xtahua for 6 turns
  4111 | D        | Killed Xtahua
  4111 | D        | Reached skill level 10 in Shields
  4453 | D        | Got a decaying rune of Zot
  4459 | D        | Noticed Ilsuiw
  4460 | D        | Reached XP level 15. HP: 136/137 MP: 32/32
  4471 | D        | Killed Ilsuiw
  4477 | D        | Got a barnacled rune of Zot
  4517 | D        | Noticed a nagaraja
  4517 | D        | Noticed a nagaraja
  4517 | D        | Noticed a nagaraja
  4517 | D        | Noticed a nagaraja
  4518 | D        | Noticed a nagaraja
  4519 | D        | Killed a nagaraja
  4519 | D        | Killed a nagaraja
  4519 | D        | Killed a nagaraja
  4519 | D        | Reached skill level 15 in Shields
  4520 | D        | Killed a nagaraja
  4526 | D        | Killed a nagaraja
  4530 | D        | Noticed a nagaraja
  4531 | D        | Killed a nagaraja
  4542 | D        | Got a serpentine rune of Zot
  4837 | D        | Got a gossamer rune of Zot
  4844 | D        | Noticed Jory
  4861 | D        | Killed Jory
  4861 | D        | Reached skill level 5 in Maces & Flails
  5095 | D        | Reached skill level 10 in Maces & Flails
  5095 | D        | Reached XP level 16. HP: 150/150 MP: 33/33
  5182 | D        | Noticed a titan
  5194 | D        | Noticed a shadow dragon
  5195 | D        | Killed a titan
  5201 | D        | Noticed a shadow dragon
  5210 | D        | Killed a shadow dragon
  5211 | D        | Killed a shadow dragon
  5211 | D        | Reached skill level 15 in Maces & Flails
  5275 | D        | Noticed a shadow dragon
  5275 | D        | Noticed an ancient lich
  5275 | D        | Noticed a lich
  5275 | D        | Noticed a shadow dragon
  5277 | D        | Killed a lich
  5280 | D        | Noticed an ancient lich
  5282 | D        | Killed a shadow dragon
  5282 | D        | Killed a shadow dragon
  5283 | D        | Noticed a shadow dragon
  5285 | D        | Noticed an Ice Fiend
  5287 | D        | Killed an ancient lich
  5287 | D        | Killed a shadow dragon
  5287 | D        | Killed an ancient lich
  5296 | D        | Got a silver rune of Zot
  5393 | D        | Noticed Mara
  5395 | D        | Noticed Repeat's illusion
  5401 | D        | Killed Mara
  5401 | D        | Reached XP level 17. HP: 158/158 MP: 26/34
  5404 | D        | Noticed Louise
  5406 | D        | Killed Louise
  6319 | D        | Bought a book of Battle for 560 gold pieces
  6323 | D        | Learned a level 3 spell: Regeneration
  7077 | D        | Noticed Mennas
  7078 | D        | Killed Mennas
  7207 | D        | Noticed Sojobo
  7234 | D        | Killed Sojobo
  7234 | D        | Reached skill level 5 in Necromancy
  7422 | D        | Got the ring "Paniaxtela" {Str+4 Int+3}
  7424 | D        | Got the ring of Xom's Flight of Fancy {rElec rN+ Slay+3}
  7438 | D        | Got the ring "Ewner" {rN+ MR- Str+3 Dex+7}
  7440 | D        | Got the ring of Ipeesis {Wiz rElec rPois Int+4}
  7442 | D        | Got the amulet of Uxkout {Reflect Int+4 SH+3}
  7467 | D        | Got the +0 gold dragon scales of Ickalakk {rPois rF+ rC+ Regen+}
  7599 | D        | Noticed Frederick
  7609 | D        | Killed Frederick
  7645 | D        | Noticed a caustic shrike
  7651 | D        | Killed a caustic shrike
  7725 | D        | Noticed a golden dragon
  7726 | D        | Killed a golden dragon
  7727 | D        | Noticed a golden dragon
  7736 | D        | Killed a golden dragon
  7785 | D        | Reached skill level 10 in Necromancy
  7800 | D        | Noticed an orb of fire
  7802 | D        | Killed an orb of fire
  7802 | D        | Gained mutation: You have a pair of large horns on your head. [demonic ancestry]
  7802 | D        | Reached XP level 18. HP: 159/168 MP: 25/35
  7958 | D        | Noticed an electric golem
  7971 | D        | Killed an electric golem
  8030 | D        | Noticed a golden dragon
  8030 | D        | Noticed a tentacled monstrosity
  8040 | D        | Killed a golden dragon
  8043 | D        | Killed a tentacled monstrosity
  8157 | D        | Noticed an Orb Guardian
  8157 | D        | Noticed an Orb Guardian
  8157 | D        | Noticed an Orb Guardian
  8157 | D        | Noticed an Orb Guardian
  8157 | D        | Noticed an Orb Guardian
  8157 | D        | Noticed an Orb Guardian
  8162 | D        | Noticed an Orb Guardian
  8164 | D        | Killed an Orb Guardian
  8165 | D        | Noticed an Orb Guardian
  8170 | D        | Killed an Orb Guardian
  8173 | D        | Killed an Orb Guardian
  8176 | D        | Noticed an Orb Guardian
  8181 | D        | Killed an Orb Guardian
  8188 | D        | Killed an Orb Guardian
  8188 | D        | Reached skill level 27 in Shields
  8195 | D        | Killed an Orb Guardian
  8201 | D        | Killed an Orb Guardian
  8201 | D        | Reached skill level 15 in Necromancy
  8208 | D        | Killed an Orb Guardian
  8213 | D        | Killed an Orb Guardian
  8215 | D        | Noticed an Orb Guardian
  8225 | D        | Killed an Orb Guardian
  8232 | D        | Noticed an Orb Guardian
  8232 | D        | Noticed an Orb Guardian
  8233 | D        | Noticed an Orb Guardian
  8234 | D        | Killed an Orb Guardian
  8237 | D        | Noticed an Orb Guardian
  8245 | D        | Killed an Orb Guardian
  8248 | D        | Killed an Orb Guardian
  8264 | D        | Killed an Orb Guardian
  8270 | D        | Noticed an ancient lich
  8274 | D        | Killed an ancient lich
  8274 | D        | Reached skill level 27 in Maces & Flails
  8274 | D        | Reached XP level 19. HP: 182/182 MP: 36/36
  8277 | D        | Noticed an orb of fire
  8290 | D        | Gained mutation: You are frail. (-10% HP) [an orb of fire]
  8293 | D        | Gained mutation: You are clumsy. (Dex -2) [an orb of fire]
  8297 | D        | Killed an orb of fire
  8330 | D        | Noticed an electric golem
  8353 | D        | Killed an electric golem
  8376 | D        | Noticed a Killer Klown
  8376 | D        | Noticed a golden dragon
  8376 | D        | Noticed an electric golem
  8378 | D        | Noticed an orb of fire
  8389 | D        | Noticed an electric golem
  8393 | D        | Noticed a Killer Klown
  8394 | D        | Gained mutation: You are very frail. (-20% HP) [an orb of fire]
  8396 | D        | Killed a golden dragon
  8398 | D        | Gained mutation: Your body sometimes deteriorates upon taking damage. [an orb of fire]
  8401 | D        | Killed an electric golem
  8403 | D        | Killed an orb of fire
  8403 | D        | Reached skill level 27 in Fighting
  8404 | D        | Noticed an ancient lich
  8406 | D        | Killed an electric golem
  8406 | D        | Killed a Killer Klown
  8409 | D        | Noticed an ancient lich
  8412 | D        | Killed a Killer Klown
  8421 | D        | Killed an ancient lich
  8435 | D        | Killed an ancient lich
  8556 | D        | Reached skill level 27 in Necromancy
  8596 | D        | Reached XP level 20. HP: 138/157 MP: 35/37
  8701 | D        | Noticed an ancient lich
  8711 | D        | Killed an ancient lich
  8711 | D        | Paralysed by a vampire knight for 6 turns
  8723 | D        | Reached skill level 27 in Armour
  8969 | D        | Reached skill level 15 in Dodging
  8999 | D        | Got an elven rune of Zot
  9040 | D        | Paralysed by a floating eye for 4 turns
  9071 | D        | Noticed the Royal Jelly
  9085 | D        | Killed the Royal Jelly
  9186 | D        | Paralysed by a floating eye for 4 turns
  9196 | D        | Paralysed by a floating eye for 2 turns
  9210 | D        | Got a slimy rune of Zot
  9488 | D        | Reached XP level 21. HP: 91/163 MP: 23/38
  9501 | D        | Reached skill level 27 in Dodging
  9501 | D        | Reached skill level 1 in Unarmed Combat
  9501 | D        | Reached skill level 1 in Spellcasting
  9793 | D        | Reached skill level 5 in Unarmed Combat
  9793 | D        | Reached skill level 5 in Spellcasting
  9793 | D        | Reached skill level 5 in Charms
  9885 | D        | Noticed a greater mummy
  9885 | D        | Noticed a greater mummy
  9885 | D        | Noticed a greater mummy
  9893 | D        | Noticed a greater mummy
  9894 | D        | Killed a greater mummy
  9895 | D        | Killed from afar by a greater mummy

Skill      XL: |  1  2  3  4  5  6  7  8  9 10 11 12 13 14 15 16 17 18 19 20 21 |
---------------+----------------------------------------------------------------+-----
Staves         | 6 8 9 10 12 13 14 15 16 18 20 | 20.3
Armour         | 1 2 3 4 5 7 10 12 13 15 17 18 19 23 27 | 27.0
Dodging        | 4 6 7 8 9 10 11 12 25 27 | 27.0
Invocations    | 3 6 7 9 10 12 14 19 23 27 | 27.0
Fighting       | 3 4 5 6 7 8 10 12 15 18 20 21 22 24 27 | 27.0
Shields        | 12 18 20 24 27 | 27.0
Maces & Flails | 10 19 24 27 | 27.0
Necromancy     | 11 17 27 | 27.0
Unarmed Combat | 9 |  9.0
Spellcasting   | 8 |  8.8
Charms         | 8 |  8.9
Throwing       | |  1.7

Action                   |  1- 3 |  4- 6 |  7- 9 | 10-12 | 13-15 | 16-18 | 19-21 || total
-------------------------+-------+-------+-------+-------+-------+-------+-------++-------
Melee: Quarterstaff      |    34 |       |       |       |       |       |       ||    34
       Lajatang          |       |       |    42 |       |       |       |       ||    42
       Morningstar       |       |       |    12 |   133 |   237 |   149 |       ||   531
       Headbutt          |       |       |       |    31 |    81 |   105 |    84 ||   301
       Demon whip        |       |       |       |       |       |   164 |   320 ||   484
Invok: Disaster Area     |       |       |       |    11 |    16 |    21 |    18 ||    66
Evoke: Wand              |       |     3 |     7 |       |       |       |     2 ||    12
  Use: Potion            |     2 |       |     2 |     1 |       |       |     4 ||     9
       Scroll            |       |       |     1 |       |       |    10 |       ||    11
  Eat: Ration            |       |       |     1 |     1 |     1 |     3 |     1 ||     7
       Chunk             |       |       |       |     1 |     2 |     1 |     1 ||     5
Armor: Leather armour    |     8 |       |       |       |       |       |       ||     8
       Scale mail        |       |       |     9 |       |       |       |       ||     9
       Plate armour      |       |       |    19 |    14 |       |       |       ||    33
       Shadow dragon sca |       |       |       |    21 |     9 |       |       ||    30
       Storm dragon scal |       |       |       |       |    17 |     4 |       ||    21
       Gold dragon scale |       |       |       |       |       |    14 |    85 ||    99
Dodge: Dodged            |    14 |     1 |    23 |    15 |    20 |    21 |    67 ||   161
       Deflected         |       |       |       |     1 |     1 |     2 |    12 ||    16
Block: Other             |     1 |       |    33 |    48 |       |       |       ||    82
       Large shield      |       |       |       |    64 |   290 |   286 |   239 ||   879
       Reflection        |       |       |       |       |       |       |     7 ||     7
